 Dungeon Crawl Stone Soup version 0.31.0-9-g3a7656b989 (webtiles) character file.

Game seed: 5930764522109556869

65446 McKennaii the Devastator (level 14, -12/93 HPs)
             Began as a Demigod Conjurer on Jan 30, 2024.
             Mangled by a large slime creature (16 damage)
             ... on level 1 of the Pits of Slime on Jan 31, 2024.
             The game lasted 00:44:36 (26509 turns).

McKennaii the Devastator (Demigod Conjurer)        Turns: 26509, Time: 00:44:37

Health: -12/93     AC: 21    Str:  8    XL:     14   Next: 36%
Magic:  42/45      EV:  8    Int: 44    God:
Gold:   1083       SH:  0    Dex: 12    Spells: 24/40 levels left

rFire   . . .        f - staff of conjuration
rCold   . . .        (no shield)
rNeg    . . .        A - +5 scale mail of the Realm of Zot {Int+2 SInv}
rPois   .            p - +2 helmet
rElec   .            s - +0 cloak
rCorr   .            z - +0 pair of gloves
SInv    +            i - +2 pair of boots
Will    +....        (no amulet) Stlth
                     S - +6 ring of intelligence
HPRegen 0.35/turn    Z - ring of magical power
MPRegen 0.29/turn

%: no passive effects
@: confused, studying Axes
A: high MP 1, forlorn, divine attributes
a: no special abilities


You were on level 1 of the Pits of Slime.
You visited 3 branches of the dungeon, and saw 18 of its levels.

You collected 1225 gold pieces.
You spent 142 gold pieces at shops.

Inventory:

Hand Weapons
 W - the +8 glaive "Quics" {spect, Dex+6}
   (You took it off a gnoll bouda on level 8 of the Dungeon)

   Dex+6:     It affects your dexterity (+6).
 X - the +1 mace of Honesty {freeze, rElec rF+ rC- rN+}
   (You found it on level 2 of the Lair of Beasts)

   rF+:       It protects you from fire.
   rC-:       It makes you vulnerable to cold.
   rElec:     It insulates you from electricity.
   rN+:       It protects you from negative energy.
Armour
 i - a +2 pair of boots (worn)
 p - a +2 helmet (worn)
 s - a +0 cloak (worn)
 z - a +0 pair of gloves (worn)
 A - the +5 scale mail of the Realm of Zot (worn) {Int+2 SInv}
   (You found it on level 4 of the Lair of Beasts)

   Int+2:     It affects your intelligence (+2).
   SInv:      It lets you see invisible.
 F - +0 steam dragon scales
Magical Staves
 f - a staff of conjuration (weapon)
 B - a staff of cold
 R - a staff of air
Jewellery
 c - a ring of positive energy
 d - a ring of ice
 H - a +6 ring of strength
 S - a +6 ring of intelligence (left hand)
 T - a ring of fire
 U - a ring of flight
 Y - a ring of wizardry
 Z - a ring of magical power (right hand)
Wands
 v - a wand of roots (26)
 w - a wand of light (6)
 y - a wand of mindburst (15)
 G - a wand of flame (42)
 J - a wand of paralysis (18)
 Q - a wand of polymorph (2)
Scrolls
 a - a scroll of silence
 e - 10 scrolls of teleportation
 g - 3 scrolls of fear
 h - 3 scrolls of enchant armour
 j - 2 scrolls of vulnerability
 o - 3 scrolls of immolation {unknown}
 r - a scroll of summoning {unknown}
 t - 8 scrolls of poison {unknown}
 u - a scroll of enchant weapon {unknown}
 I - 2 scrolls of brand weapon {unknown}
 K - 3 scrolls of blinking
 M - a scroll of amnesia {unknown}
 V - 4 scrolls of fog {unknown}
Potions
 b - 2 potions of magic
 k - 2 potions of ambrosia
 m - 3 potions of haste
 n - 2 potions of resistance {unknown}
 q - 6 potions of curing
 x - 2 potions of attraction
 C - 5 potions of heal wounds
 D - 2 potions of berserk rage
 E - 3 potions of cancellation
 L - 2 potions of invisibility
 N - 3 potions of brilliance
 O - 2 potions of mutation
 P - 3 potions of enlightenment {unknown}


   Skills:
 + Level 5.7 Armour
 - Level 1.7 Dodging
 - Level 1.7 Stealth
 + Level 13.7 Spellcasting
 + Level 15.0 Conjurations
 + Level 11.6 Air Magic


You had 24 spell levels left.
You knew the following spells:

 Your Spells              Type           Power      Damage    Failure   Level
a - Magic Dart            Conj           100%       1d8       0%          1
b - Searing Ray           Conj           100%       2d8       1%          2
c - Iskenderun's Mystic   Conj/Tloc      98%        2d19      3%          4
d - Arcjolt               Conj/Air       61%        1d71      1%          5
e - Vhi's Electric Charg  Tloc/Air       100%       N/A       7%          4

Your spell library contained the following spells:

 Spells                   Type           Power      Damage    Failure   Level
 Sting                    Conj/Alch      100%       1d9       1%          1
 Mercury Vapours          Alch/Air       100%       N/A       1%          2
 Mephitic Cloud           Conj/Alch/Air  100%       N/A       1%          3
 Fulminant Prism          Conj/Alch      49%        3d21      3%          4
 Freezing Cloud           Conj/Ice/Air   52%        6-21      5%          5
 Slow                     Hex            100%       N/A       7%          1
 Jinxbite                 Hex            60%        N/A       11%         2
 Gell's Gravitas          Tloc           30%        N/A       22%         3
 Teleport Other           Tloc           30%        N/A       22%         3
 Olgreb's Toxic Radiance  Alch           30%        N/A       56%         4
 Sticky Flame             Fire/Alch      30%        2d7       56%         4
 Yara's Violent Unravell  Hex/Alch       15%        3d8       89%         5
 Maxwell's Capacitive Co  Air            46%        ∞         99%         8
 Dispersal                Tloc           15%        N/A       100%        6
 Enfeeble                 Hex            15%        N/A       100%        7
 Ozocubu's Refrigeration  Ice            15%        4d10      100%        7
 Discord                  Hex            15%        N/A       100%        8
 Chain Lightning          Conj/Air       61%        3d81      100%        9
 Fire Storm               Conj/Fire      49%        8d12      100%        9
 Shatter                  Erth           15%        3d15*     100%        9


Dungeon Overview and Level Annotations

Branches:
Dungeon (12/15)            Temple (0/1) D:4            Lair (5/5) D:10
 Shoals (0/4) Lair:3       Spider (0/4) Lair:2        Slime (1/5) Lair:5
    Orc (0/2) D:9

Shops:
D:2 *   D:4 [   D:6 ?

Annotations:
D:12 Nessos


Innate Abilities, Weirdness & Mutations

You have an increased reservoir of magic. (+10% MP)
You shall have no god before yourself.
Your divine heritage dramatically boosts your attributes as you level up.


Message History

You resist with almost no effort.
Two slime creatures merge to form a very large slime creature.
The slime creature hits you.
The slime creature hits you but does no damage.
The slime creature hits you!
The slime creature barely misses you. x2
In your confused state, you trip and fall back down the stairs.
The golden eye blinks at you. You resist with almost no effort.
The slime creature hits you but does no damage.
Two slime creatures merge to form a very large slime creature.
A rockslime comes into view.
The slime creature barely misses you. The large slime creature hits you.
Two slime creatures merge to form an enormous slime creature.
The slime creature hits you but does no damage.
The slime creature hits you!
The slime creature hits you but does no damage.
The rockslime quivers.
Unknown command.
Unknown command.
Unknown command.
Unknown command.
The golden eye blinks at you. You resist with some effort.
The slime creature closely misses you. The slime creature hits you.
Two slime creatures merge to form a large slime creature.
The slime creature hits you. The large slime creature hits you!
* * * LOW HITPOINT WARNING * * *
The slime creature hits you but does no damage.
In your confused state, you trip and fall back down the stairs.
* * * LOW HITPOINT WARNING * * *
The golden eye blinks!
The slime creature hits you.
* * * LOW HITPOINT WARNING * * *
The slime creature hits you.
* * * LOW HITPOINT WARNING * * *
The enormous slime creature hits you!
* * * LOW HITPOINT WARNING * * *
Two slime creatures merge to form a large slime creature.
Two slime creatures merge to form an enormous slime creature.
The slime creature barely misses you. The large slime creature hits you!
You die...

..........#
#.........# #
##........#.
##.#....#......
#.......G....
#.......J.#
#..JJJJ.#...
#J@JGJJ..>
#.JJ§.....
##J.......
.........
.........
..........
..........
...........


You could see an azure jelly, 2 enormous slime creatures, 3 large slime
creatures, 5 slime creatures, a rockslime and 2 golden eyes.

Vanquished Creatures
  Gastronok (D:10)
  Snorg (Lair:3)
  Josephine (D:10)
  Fannar (Lair:1)
  A catoblepas (Lair:5)
  A hydra (Lair:3)
  Erica (D:11)
  A deep troll shaman (Lair:5)
  2 two-headed ogres
  6 death yaks (Lair:5)
  A demonic crawler (Lair:2)
  Sonja (D:10)
  The ghost of attakcplan the Cleaver, a novice HOFi of Okawaru (D:7)
  3 skysharks
  An arcanist (D:10)
  5 large abominations (D:10)
  2 cyclopes
  A lindwurm (Lair:5)
  An ugly thing (D:11)
  4 black mambas
  10 cane toads
  26 elephants
  8 gargoyles
  2 rime drakes
  Maggie (D:6)
  2 kobold demonologists
  9 komodo dragons
  5 trolls
  2 polar bears
  15 blink frogs
  Prince Ribbit (Lair:3)
  5 dream sheep (Lair:5)
  A snapping turtle (Lair:3)
  Sigmund (D:6)
  5 slime creatures
  2 shadows
  A ynoxinul (D:8)
  A water elemental (Lair:3)
  6 wraiths
  3 basilisks
  68 yaks
  A warg (D:9)
  A steam dragon (Lair:2)
  3 vampire mosquitoes (D:11)
  11 water moccasins
  A hornet zombie (D:5)
  5 orc warriors
  3 ice beasts
  4 black bears
  2 sky beasts
  2 ogres (D:7)
  29 wolves
  3 centaurs
  2 phantoms
  5 kobold brigands
  14 bullfrogs
  4 scorpions
  7 small abominations (D:10)
  2 water moccasin zombies (D:5)
  3 wights (D:7)
  2 water moccasin skeletons (D:5)
  15 killer bees
  6 howler monkeys
  An electric eel (Lair:3)
  3 lava snakes (D:8)
  A bombardier beetle (D:7)
  3 centaur zombies (D:5)
  3 bullfrog zombies (D:5)
  5 orc priests (D:6)
  A centaur skeleton (D:5)
  A hound (D:3)
  7 jellies
  Crazy Yiuf (D:6)
  5 sleepcaps
  Ijyb (D:5)
  2 bullfrog skeletons (D:5)
  2 gnoll boudas
  3 iguanas
  8 orc wizards
  A scorpion zombie (D:5)
  A killer bee zombie (D:5)
  3 hound zombies (D:5)
  A howler monkey skeleton (D:5)
  11 adders
  16 gnolls
  A shadow imp (D:8)
  3 white imps
  2 ufetubi (D:4)
  3 dart slugs
  A ribbon worm (Lair:2)
  41 orcs
  9 ball pythons
  6 bats
  5 endoplasms
  8 giant cockroaches
  8 hobgoblins
  4 quokkas
  4 frilled lizards
  7 goblins
  12 kobolds
  6 rats
535 creatures vanquished.

Vanquished Creatures (others)
  An orc wizard (D:6)
1 creature vanquished.

Grand Total: 536 creatures vanquished

Notes
Turn   | Place    | Note
-------+----------+-------------------------------------------
     0 | D:1      | McKennaii the Demigod Conjurer began the quest for the Orb.
     0 | D:1      | Reached XP level 1. HP: 14/14 MP: 5/5
   333 | D:1      | Reached XP level 2. HP: 18/20 MP: 3/7
   367 | D:1      | Reached skill level 4 in Conjurations
   666 | D:1      | Learned a level 2 spell: Searing Ray
   924 | D:1      | Reached XP level 3. HP: 26/26 MP: 7/9
  1362 | D:2      | Found Plog's Assorted Antiques.
  1370 | D:2      | Bought a scroll labelled MUSUUM KYNLITT for 23 gold pieces
  1370 | D:2      | Bought a fuming blue potion for 20 gold pieces
  1370 | D:2      | Bought a scroll labelled SOUNIA BITU for 23 gold pieces
  1370 | D:2      | Bought a fizzy clear potion for 20 gold pieces
  2226 | D:3      | Reached XP level 4. HP: 33/33 MP: 6/11
  2234 | D:3      | Learned a level 4 spell: Iskenderun's Mystic Blast
  2930 | D:4      | Reached XP level 5. HP: 33/38 MP: 3/13
  2961 | D:3      | Reached skill level 5 in Conjurations
  3207 | D:4      | Found Mihes's Antique Armour Boutique.
  3210 | D:4      | Noticed a black bear
  3217 | D:4      | Killed a black bear
  3335 | D:4      | Reached XP level 6. HP: 43/45 MP: 0/15
  3821 | D:4      | Found a staircase to the Ecumenical Temple.
  3849 | D:5      | Entered Level 5 of the Dungeon
  4039 | D:5      | Reached skill level 6 in Conjurations
  4074 | D:5      | Reached skill level 5 in Spellcasting
  4074 | D:5      | Reached XP level 7. HP: 48/50 MP: 1/17
  4725 | D:5      | Reached skill level 7 in Conjurations
  5029 | D:5      | Noticed Ijyb
  5035 | D:5      | Killed Ijyb
  5299 | D:5      | Reached XP level 8. HP: 57/57 MP: 12/20
  5364 | D:5      | Reached skill level 1 in Armour
  6396 | D:6      | Reached skill level 8 in Conjurations
  6533 | D:6      | Found Ziklairu's Magic Scroll Shop.
  6636 | D:6      | Bought a scroll of teleportation for 42 gold pieces
  6636 | D:6      | Bought a scroll of noise for 14 gold pieces
  6690 | D:6      | Noticed Sigmund
  6696 | D:6      | Killed Sigmund
  6847 | D:6      | Reached XP level 9. HP: 41/62 MP: 7/23
  7143 | D:6      | HP: 3/93 [orc priest/divine providence (11)]
  7146 | D:6      | Noticed Maggie
  7160 | D:6      | Killed Maggie
  7500 | D:6      | Found a runed translucent door.
  7501 | D:6      | Noticed Crazy Yiuf
  7508 | D:6      | Killed Crazy Yiuf
  7509 | D:6      | Reached skill level 9 in Conjurations
  8567 | D:7      | Found a runed translucent gate.
  8567 | D:7      | Found a runed translucent gate.
  8567 | D:7      | Found a runed translucent gate.
  8572 | D:7      | Noticed attakcplan's ghost (novice HOFi)
  8809 | D:7      | Noticed a two-headed ogre
  8818 | D:7      | Killed a two-headed ogre
  8819 | D:7      | Reached skill level 10 in Conjurations
  9142 | D:8      | Reached XP level 10. HP: 69/69 MP: 17/27
  9148 | D:8      | Learned a level 5 spell: Arcjolt
  9234 | D:8      | Reached skill level 1 in Air Magic
  9395 | D:8      | Learned a level 4 spell: Vhi's Electric Charge
  9498 | D:8      | Noticed a cyclops
  9962 | D:8      | Got Sif Muna's Precepts of Decomposition
 10321 | D:8      | Identified the +8 glaive "Quics" {spect, Dex+6}
 10975 | D:9      | Found a staircase to the Orcish Mines.
 11912 | D:9      | Reached skill level 11 in Conjurations
 12409 | D:7      | Killed attakcplan's ghost
 12669 | D:10     | Entered Level 10 of the Dungeon
 12719 | D:10     | Noticed Sonja
 12728 | D:10     | Noticed a two-headed ogre
 12733 | D:10     | Killed a two-headed ogre
 12733 | D:10     | Noticed Gastronok
 12734 | D:10     | Reached XP level 11. HP: 42/74 MP: 14/29
 13035 | D:10     | Reached skill level 10 in Spellcasting
 13035 | D:10     | Reached skill level 5 in Air Magic
 13042 | D:10     | Killed Sonja
 13084 | D:10     | Killed Gastronok
 13486 | D:10     | Noticed Josephine
 13529 | D:10     | Killed Josephine
 13708 | D:10     | Found a staircase to the Lair.
 13969 | D:10     | Noticed an arcanist
 13973 | D:10     | Killed an arcanist
 14035 | D:10     | Noticed a large abomination
 14035 | D:10     | Noticed a large abomination
 14035 | D:10     | Noticed a large abomination
 14036 | D:10     | Noticed a large abomination
 14037 | D:10     | Reached skill level 12 in Conjurations
 14037 | D:10     | Killed a large abomination
 14037 | D:10     | Killed a large abomination
 14038 | D:10     | Killed a large abomination
 14040 | D:10     | Killed a large abomination
 14162 | D:10     | Got Umiokko's Thoughts on the Spellbinding Catalyst
 14356 | Lair:1   | Entered Level 1 of the Lair of Beasts
 14661 | Lair:1   | Noticed Fannar
 14830 | Lair:1   | Killed Fannar
 14831 | Lair:1   | Reached XP level 12. HP: 81/81 MP: 15/31
 16586 | D:11     | Reached skill level 13 in Conjurations
 16894 | D:11     | Noticed Erica
 16899 | D:11     | Killed Erica
 18284 | D:12     | Noticed a boulder beetle
 18285 | D:12     | Noticed Nessos
 18756 | Lair:1   | Reached XP level 13. HP: 6/86 MP: 1/34
 18757 | Lair:1   | HP: 4/86 [poisoned by a cane toad]
 19125 | Lair:2   | Identified the +1 mace of Honesty {freeze, rElec rF+ rC-
                  | rN+}
 19594 | Lair:2   | Found a hole to the Spider Nest.
 20622 | Lair:3   | Noticed Snorg
 20633 | Lair:3   | Killed Snorg
 20643 | Lair:3   | Noticed Prince Ribbit
 20786 | Lair:3   | Reached skill level 10 in Air Magic
 20866 | Lair:3   | Reached skill level 14 in Conjurations
 20957 | Lair:3   | Killed Prince Ribbit
 21969 | Lair:3   | Found a staircase to the Shoals.
 24117 | Lair:4   | Identified the +5 scale mail of the Realm of Zot {Int+2
                  | SInv}
 24316 | Lair:5   | Entered Level 5 of the Lair of Beasts
 24316 | Lair:5   | Found a staircase to the Slime Pits.
 24721 | Lair:5   | Reached XP level 14. HP: 88/93 MP: 30/36
 25075 | Lair:5   | Reached skill level 5 in Armour
 25971 | Lair:5   | Identified the +2 rapier of Virtue {drain, Will- Str+4
                  | Dex+5}
 25986 | Lair:5   | Reached skill level 15 in Conjurations
 26502 | Slime:1  | Entered Level 1 of the Pits of Slime
 26505 | Slime:1  | Noticed an azure jelly
 26507 | Slime:1  | Noticed a rockslime
 26509 | Slime:1  | HP: 4/93 [enormous slime creature (10)]
 26509 | Slime:1  | Mangled by a large slime creature

Illustrated notes

Levels and vault maps discovered:
D:1:      tarquinn_simple_flora_water_b, layout_basic, minmay_hexomino_f4
D:2:      layout_basic, serial_shops, shop
D:3:      layout_rooms, nzn_hepliaklqana_mist_gate, guppyfry_early_lair_pool
D:4:      layout_cave_pools, temple_green, serial_shops, shop
D:5:      layout_basic, dreamdust_divine_triumvirate, serial_undead,
          serial_undead_e, serial_undead_f, serial_undead_f, serial_undead_f,
          serial_undead_d, serial_undead_e, hex_intersection, uniq_ijyb
D:6:      layout_cave_pools, serial_shops, shop, uniq_maggie, uniq_sigmund,
          uniq_crazy_yiuf_cottage
D:7:      layout_loops_ring, vehumet_altar_wand_db, ebering_ghost_rock_garden,
          minmay_checkerbox
D:8:      layout_basic, nicolae_dithmenos_the_darkroom,
          overflow_temple_1_default, nzn_overflow_gifts_of_might_and_magic,
          mainiacjoe_overflow_chevrons, amethyst_overflow_temple_binary,
          kennysheep_island_fort
D:9:      layout_cave_pods, kiku_gazebo_pond_becter, david_orc_3, serial_glass,
          glass_columns_c, glass_columns_a, reono_crystal_passage
D:10:     layout_cave_pools, hellmonk_lair_entry_icy,
          minmay_misc_feat_more_columns, minmay_strange_pillars, laboratory,
          uniq_sonja, uniq_josephine, uniq_gastronok
D:11:     cheibrodos_statue_roulette, layout_basic, uniq_erica
D:12:     layout_rooms, uniq_nessos
Lair:1:   layout_regular_city, grunt_megastairs_2, uniq_fannar
Lair:2:   layout_gridlike, nicolae_spider_entry_non_spiders, serial_forest,
          infiniplex_forest_end_2, infiniplex_forest_end_2,
          infiniplex_forest_clump_curved, infiniplex_forest_clump_tiny,
          infiniplex_forest_lined_corner, infiniplex_forest_lined_2,
          infiniplex_forest_end_1, infiniplex_forest_clump_small,
          grunt_megastairs_3, lemuel_fruit_tree
Lair:3:   layout_long_grid, minmay_shoals_entry_hut, uniq_prince_ribbit2,
          uniq_snorg
Lair:4:   layout_cave_pods, basic_altar, minivault_19,
          grunt_forest_small_clearings
Lair:5:   grunt_lair_end_beastmaster, layout_big_grid,
          nicolae_slime_entry_field_trip
Slime:1:  layout_caves

Skill      XL: |  1  2  3  4  5  6  7  8  9 10 11 12 13 14 |
---------------+-------------------------------------------+-----
Spellcasting   | 2 3 4 5 6 7 8 9 11 12 13 | 13.7
Conjurations   | 4 5 6 7 8 10 11 12 13 14 15 | 15.0
Armour         | 3 4 5 |  5.7
Air Magic      | 4 7 9 11 | 11.6
Dodging        | |  1.7
Stealth        | |  1.7

Action                     |  1- 3 |  4- 6 |  7- 9 | 10-12 | 13-15 || total
---------------------------+-------+-------+-------+-------+-------++-------
  Melee: Unarmed           |     5 |       |       |       |       ||     5
         Dagger            |       |     6 |       |       |       ||     6
         Mace              |       |     7 |       |       |       ||     7
         Short sword       |       |       |     9 |       |       ||     9
         Staff             |       |       |    12 |    12 |    25 ||    49
   Cast: Magic Dart        |    67 |    68 |   118 |   160 |   159 ||   572
         Searing Ray       |     7 |    17 |    97 |    65 |     3 ||   189
         Iskenderun's Myst |       |       |     3 |    46 |    34 ||    83
         Arcjolt           |       |       |       |   109 |   160 ||   269
         Vhi's Electric Ch |       |       |       |       |     1 ||     1
  Evoke: Wand              |       |       |     3 |    14 |       ||    17
    Use: Potion            |       |       |     2 |     5 |       ||     7
         Scroll            |       |       |       |    19 |     1 ||    20
 Armour: Robe              |     9 |    46 |    48 |       |       ||   103
         Leather armour    |       |       |    84 |   229 |   130 ||   443
         Skin              |       |       |     1 |       |       ||     1
         Scale mail        |       |       |       |       |    78 ||    78
  Dodge: Dodged            |     6 |    27 |   107 |   127 |    87 ||   354
